 Seeded DCSS version 0.31-a0-331-geda263fcf1 (webtiles) character file.

Game seed: 14215367866634240820 (custom seed)

4 innerfire43 the Trooper (level 1, 0/18 HPs)
             Began as a Demonspawn Monk on July 19, 2023.
             Slain by a goblin
             ... wielding a +0 club
              (2 damage)
             ... on level 1 of the Dungeon.
             The game lasted 00:00:04 (48 turns).

innerfire43 the Trooper (Demonspawn Monk)             Turns: 48, Time: 00:00:05

Health: 0/18       AC:  2    Str: 11    XL:     1   Next: 50%
Magic:  1/1        EV: 13    Int: 11    God:
Gold:   7          SH:  0    Dex: 15    Spells: 0/0 levels left

rFire   . . .        a - +0 hand axe
rCold   . . .        d - orb {light}
rNeg    . . .        b - +0 robe
rPois   .            (no helmet)
rElec   .            (no cloak)
rCorr   .            (no gloves)
SInv    .            (no boots)
Will    .....        (no amulet)
Stlth   +            (no ring)
HPRegen 0.23/turn    (no ring)
MPRegen 0.07/turn

%: no passive effects
@: glowing
A: no striking features
a: no special abilities


You were on level 1 of the Dungeon.
You visited 1 branch of the dungeon, and saw 1 of its levels.

You collected 7 gold pieces.

Inventory:

Hand Weapons
 a - a +0 hand axe (weapon)
Armour
 b - a +0 robe (worn)
 d - an orb of light (worn)
Scrolls
 e - a scroll of enchant weapon {unknown}
Potions
 c - a potion of ambrosia


   Skills:
 + Level 3.1 Fighting
 + Level 2.7 Axes
 + Level 2.8 Dodging


You couldn't memorise any spells.
You didn't know any spells.
Your spell library was empty.

Dungeon Overview and Level Annotations

Branches:
Dungeon (1/15)

Altars:


Message History

You hit the goblin.
The goblin is severely wounded.
You barely miss the rat.
A jackal comes into view.
The goblin closely misses you. The rat barely misses you.
You barely miss the goblin.
The goblin is severely wounded.
You barely miss the rat.
The quokka twitches its whiskers.
The goblin closely misses you. The rat closely misses you.
You closely miss the goblin.
The goblin is severely wounded.
You hit the jackal but do no damage. You hit the rat.
You kill the rat!
The jackal closely misses you. The goblin hits you with a +0 club.
The jackal closely misses you. The ball python barely misses you.
The ball python grabs you. The ball python constricts you.
You hit the goblin.
You kill the goblin!
You hit the jackal. You hit the ball python. The jackal bites you.
The ball python misses you. The ball python constricts you.
The jackal bites you.
The jackal barks!
You hit the frilled lizard.
You kill the frilled lizard!
You hit the ball python.
You kill the ball python!
You hit the jackal but do no damage.
You hear a shout!
The jackal bites you.
You hit the jackal.
The jackal is moderately wounded.
You hit the goblin but do no damage. You hit the jackal but do no damage.
The jackal barely misses you. The goblin hits you with a +0 club.
The jackal bites you.
* * * LOW HITPOINT WARNING * * *
The jackal bites you.
* * * LOW HITPOINT WARNING * * *
The goblin hits you with a +0 club.
You die...

#.# ............
#.##............ . #
#....~~~~≈~≈~~~~ .. #.
#....≈≈≈~≈≈≈≈≈≈≈ [. #.
#...(~~≈≈≈≈≈≈≈≈≈
###.#.###....~≈≈#+#'#≈≈≈
......rh.....~≈≈+(..##'#
......ghh....≈≈≈+...#...
P.....#@##...~≈≈#'#'#.##
P.... #.##....~≈≈≈#...#.
..P. ..##..⌠..~≈~'.⌠.'.
♣.. ...##..⌠..≈~≈'.⌠.'.
♣. ....##....~≈≈≈#...#.
. ##...##...~~≈#+###.##
#........≈≈≈+ +...
....#....~≈≈+ ##+#
.......~~≈#


You could see a quokka, 3 jackals and a goblin.

Vanquished Creatures
  A ball python (D:1)
  A goblin (D:1)
  A frilled lizard (D:1)
  A rat (D:1)
4 creatures vanquished.

Notes
Turn   | Place    | Note
-------+----------+-------------------------------------------
     0 | D:1      | innerfire43 the Demonspawn Monk began the quest for the
                  | Orb.
     0 | D:1      | Reached XP level 1. HP: 18/18 MP: 1/1
    48 | D:1      | Slain by a goblin

Illustrated notes

Levels and vault maps discovered:
D:1:      dpeg_arrival_castle, layout_basic, serial_forest,
          infiniplex_forest_straight_2, infiniplex_forest_straight_3,
          infiniplex_forest_clump_double, infiniplex_forest_lined_1,
          infiniplex_forest_clump_small, infiniplex_forest_straight_2,
          infiniplex_forest_lined_3_way

Action                     || total
---------------------------++-------
  Melee: Hand axe          ||     7
  Dodge: Dodged            ||    14

Table legend: (Time is in decaauts)
 A = Elapsed time spent in this place.
 B = Non-inter-level travel time spent in this place.
 C = Inter-level travel time spent in this place.
 D = Time resting spent in this place.
 E = Time spent auto-exploring this place.
 F = Levels seen in this place.
 G = Mean time per level.
                   A        B        C        D        E       F      G
               +--------+--------+--------+--------+--------+-----+--------+
         Total |     50 |     50 |      0 |      0 |     36 |   1 |   50.0 |
       Dungeon |     50 |     50 |      0 |      0 |     36 |   1 |   50.0 |
               +--------+--------+--------+--------+--------+-----+--------+

Top non-repeatable levels by time:
     D:1: 50 daAuts
